 Dungeon Crawl Stone Soup version 0.30-a0-964-gd452b5e7fa (webtiles) character file.

Game seed: 403068209524736740

79 mopl the Slasher (level 4, 0/26 HPs)
             Began as a Tengu Warper on Mar 30, 2023.
             Slain by a sky beast (4 damage)
             ... on level 4 of the Dungeon.
             The game lasted 00:02:47 (2489 turns).

mopl the Slasher (Tengu Warper)                     Turns: 2489, Time: 00:02:48

Health: 0/26       AC:  4    Str: 13    XL:     4   Next: 38%
Magic:  8/8        EV: 10    Int: 19    God:
Gold:   148        SH:  7    Dex: 14    Spells: 3/7 levels left

rFire   . . .      SeeInvis .    a - +0 long sword
rCold   + . .      Faith    .    k - +0 kite shield
rNeg    . . .      Spirit   .    b - +0 leather armour
rPois   .          Reflect  .    (helmet restricted)
rElec   .          Rampage  .    (no cloak)
rCorr   .                        e - +0 pair of gloves
Will    .....                    (boots unavailable)
Stlth   +                        (no amulet)
HPRegen 0.24/turn                i - ring of protection from cold
MPRegen 0.11/turn                m - +6 ring of intelligence

@: no status effects
A: beak, talons 3
a: no special abilities


You were on level 4 of the Dungeon.
You visited 1 branch of the dungeon, and saw 4 of its levels.

You collected 148 gold pieces.

Inventory:

Hand Weapons
 a - a +0 long sword (weapon)
 u - a +5 dagger
Missiles
 d - 7 boomerangs of dispersal (quivered)
Armour
 b - a +0 leather armour (worn)
 e - a +0 pair of gloves (worn)
 k - a +0 kite shield (worn)
Jewellery
 i - a ring of protection from cold (left hand)
 m - a +6 ring of intelligence (right hand)
Wands
 r - a wand of charming (6)
Scrolls
 c - 2 scrolls of blinking
 g - a scroll of immolation {unknown}
 h - a scroll of amnesia {unknown}
 j - 7 scrolls of identify {unknown}
 o - 3 scrolls of teleportation {unknown}
 q - 3 scrolls of summoning {unknown}
Potions
 f - a potion of degeneration {unknown}
 l - a potion of haste {unknown}
 n - 2 potions of attraction {unknown}
 p - 2 potions of ambrosia {unknown}
 s - a potion of lignification {unknown}
 t - a potion of curing {unknown}


   Skills:
 - Level 2.0 Fighting
 * Level 4.2 Long Blades
 - Level 1.0 Throwing
 - Level 1.1 Armour
 - Level 2.1 Dodging
 - Level 2.0 Spellcasting
 + Level 3.0 Translocations


You had 3 spell levels left.
You knew the following spells:

 Your Spells              Type           Power      Damage    Failure   Level
b - Lesser Beckoning      Tloc           26%        N/A       32%         2
e - Blink                 Tloc           26%        N/A       32%         2

Your spell library contained the following spells:

 Spells                   Type           Power      Damage    Failure   Level
 Teleport Other           Tloc           13%        N/A       54%         3
 Vhi's Electric Charge    Tloc/Air       14%        N/A       77%         3
 Manifold Assault         Tloc           13%        N/A       91%         4


Dungeon Overview and Level Annotations

Branches:
Dungeon (4/15)
 Temple: D:4-7

Altars:
Nemelex Xobeh
Wu Jian


Innate Abilities, Weirdness & Mutations

You have a beak for a mouth.
You have claws for feet.


Message History

You kill the goblin!
No target in view!
No target in view!
No target in view!
No target in view!
No target in view!
No target in view!
No target in view!
No target in view!
No target in view!
No target in view!
Things that are here:
a +5 dagger; a goblin corpse
u - a +5 dagger Done exploring.
Done exploring.
(D) Dungeon
Where to? (Enter - D:3, ? - help)
What level of the Dungeon? (default 1, ? - help)
There is a stone staircase leading down here.
You climb downwards.
Found a stone staircase leading up.
There is a stone staircase leading up here.
Saving game... please wait.
Welcome back, mopl the Tengu Warper.
Press ? for a list of commands and other information.
An iguana comes into view.
Found a stone staircase leading down.
A sky beast comes into view.
The iguana hisses angrily.
The sky beast flickers out of sight!
Deactivating autopickup; reactivate with Ctrl-A.
The iguana bites you.
You barely miss the iguana. You claw the iguana, but do no damage.
You block the iguana's attack. Something hits you. Something shocks you.
Something hits you. Something shocks you.
* * * LOW HITPOINT WARNING * * *
Something hits you.
You die...

########
...####.<....#
#...<.......##
######.......####
##...........
######.......####
#............#
######l{....#
#@.....# #^.....#
###>#### ....
~~~~~ .~≈≈~≈.#
≈≈≈.. ≈~..


You could see an iguana.

Vanquished Creatures
  An adder (D:3)
  2 worms
  A dart slug (D:1)
  3 orcs (D:2)
  7 endoplasms
  4 giant cockroaches
  5 goblins
  8 hobgoblins
  8 jackals
  2 ball pythons
  4 frilled lizards
  3 kobolds (D:1)
  5 rats
53 creatures vanquished.

Notes
Turn   | Place    | Note
-------+----------+-------------------------------------------
     0 | D:1      | mopl the Tengu Warper began the quest for the Orb.
     0 | D:1      | Reached XP level 1. HP: 12/12 MP: 4/4
   287 | D:1      | Reached XP level 2. HP: 14/17 MP: 6/6
   487 | D:1      | Reached skill level 3 in Long Blades
   504 | D:1      | Learned a level 2 spell: Blink
   507 | D:1      | Learned a level 2 spell: Lesser Beckoning
   565 | D:1      | Reached XP level 3. HP: 21/21 MP: 7/7
  1563 | D:2      | Found a faded altar of an unknown god.
  1664 | D:2      | Reached skill level 3 in Translocations
  1676 | D:2      | Reached skill level 4 in Long Blades
  1676 | D:2      | Reached XP level 4. HP: 24/26 MP: 8/8
  2081 | D:3      | Found an ornate altar of the Wu Jian Council.
  2229 | D:3      | Found a sparkling altar of Nemelex Xobeh.
  2482 | D:4      | Noticed a sky beast
  2489 | D:4      | Slain by a sky beast

Illustrated notes

Levels and vault maps discovered:
D:1:      lightli_arrival_noodles, layout_basic
D:2:      layout_loops_ring, ebering_ecumenical_altar_box
D:3:      layout_basic, nemelex_diamond_rough_becter,
          nicolae_wu_jian_wuxing_cycle, serial_corexii_hall,
          chequers_hall_statues_wall_a, corexii_hall_statues_s,
          chequers_hall_statues_wall_a, corexii_hall_statues_i,
          dreamdust_mushroom_princess
D:4:      layout_rooms, old_standard_altar, amcnicky_altar_gilded,
          minmay_temple_entry_wispy, ebering_ghost_disaster_area, minivault_14,
          minmay_fractal_squares_diagonal_5

Skill      XL: |  1  2  3 |
---------------+----------+-----
Long Blades    | 3 4 |  4.2
Translocations | 3 |  3.0
Fighting       | |  2.0
Throwing       | |  1.0
Armour         | |  1.1
Dodging        | |  2.1
Spellcasting   | |  2.0

Action                     |  1- 3 |  4- 6 || total
---------------------------+-------+-------++-------
  Melee: Falchion          |    10 |       ||    10
         Kick              |    26 |     9 ||    35
         Long sword        |    92 |    21 ||   113
         Peck              |    12 |     2 ||    14
   Stab: Sleeping          |     1 |     1 ||     2
 Armour: Leather armour    |    20 |     1 ||    21
  Dodge: Dodged            |    60 |     7 ||    67
  Block: Kite shield       |    12 |     6 ||    18

Table legend: (Time is in decaauts)
 A = Elapsed time spent in this place.
 B = Non-inter-level travel time spent in this place.
 C = Inter-level travel time spent in this place.
 D = Time resting spent in this place.
 E = Time spent auto-exploring this place.
 F = Levels seen in this place.
 G = Mean time per level.
                   A        B        C        D        E       F      G
               +--------+--------+--------+--------+--------+-----+--------+
         Total |   2529 |   2441 |     88 |    151 |   1831 |   4 |  632.2 |
       Dungeon |   2529 |   2441 |     88 |    151 |   1831 |   4 |  632.2 |
               +--------+--------+--------+--------+--------+-----+--------+

Top non-repeatable levels by time:
     D:1: 1059 daAuts
     D:2: 779 daAuts
     D:3: 680 daAuts
     D:4: 10 daAuts
